 Dungeon Crawl Stone Soup version 0.24.0-1-gfbc8707 (webtiles) character file.

Game seed: 12005015983201128013, levelgen mode: deterministic

17614 Faca the Fighter (level 12, 0/84 HPs)
             Began as a Gargoyle Fighter on Oct 28, 2019.
             Was the Champion of Okawaru.
             Slain by an ice devil (7 damage)
             ... summoned by a kobold demonologist
             ... on level 11 of the Dungeon.
             The game lasted 00:34:46 (11849 turns).

Faca the Fighter (Gargoyle Fighter)                Turns: 11849, Time: 00:34:47

Health: 0/84       AC:  0    Str: 29    XL:     12   Next: 49%
Magic:  12/12      EV:  7    Int:  9    God:    Okawaru [******]
Gold:   565        SH: 12    Dex:  9    Spells: 11/11 levels left

rFire    + . .     SeeInvis .   R - +1 mace (drain)
rCold    + + .     Gourm    .   c - +0 shield
rNeg     + . .     Faith    .   D - +4 chain mail "Zequj" {rC++}
rPois    ∞         Spirit   .   (no helmet)
rElec    +         Reflect  .   Q - +1 cloak
rCorr    .         Harm     .   z - +0 pair of gloves
MR       .....                  (no boots)
Stlth    ..........             (no amulet)
HPRegen  0.24/turn              k - ring of protection from fire
MPRegen  0.13/turn              L - +4 ring of strength

@: corroded, flying
A: negative energy resistance 1, electricity resistance, unbreathing,
petrification resistance, rot immunity, AC +8
a: Heroism, Finesse, Renounce Religion


You were on level 11 of the Dungeon.
You worshipped Okawaru.
Okawaru was exalted by your worship.
You were not hungry.

You visited 2 branches of the dungeon, and saw 12 of its levels.

You collected 1006 gold pieces.
You spent 441 gold pieces at shops.

Inventory:

Hand Weapons
 M - a +0 morningstar
 R - a +1 mace of draining (weapon)
Missiles
 H - 3 throwing nets (quivered)
Armour
 c - a +0 shield (worn)
 z - a +0 pair of gloves (worn)
 D - the +4 chain mail "Zequj" (worn) {rC++}
   (You bought it in a shop on level 5 of the Dungeon)

   It greatly protects you from cold.
 Q - a +1 cloak (worn)
Jewellery
 i - an uncursed amulet of rage {unknown}
 k - a ring of protection from fire (left hand)
 A - an uncursed ring of ice
 K - an uncursed ring of protection from cold
 L - a +4 ring of strength (right hand)
Wands
 a - a wand of digging (9)
 w - a wand of polymorph (5)
 C - a wand of disintegration (7)
 S - a wand of random effects (4)
 U - a wand of acid (9)
Scrolls
 g - 4 scrolls of fear {unknown}
 h - 10 scrolls of identify {unknown}
 l - 8 scrolls of teleportation {unknown}
 m - 6 scrolls of enchant armour
 o - 4 scrolls of blinking {unknown}
 p - 10 scrolls of remove curse
 s - 3 scrolls of fog {unknown}
 u - 2 scrolls of magic mapping {unknown}
 B - 3 scrolls of enchant weapon {unknown}
 F - 2 scrolls of immolation {unknown}
 G - 3 scrolls of noise {unknown}
 I - a scroll of brand weapon {unknown}
 J - 2 scrolls of amnesia
 P - 2 scrolls of torment {unknown}
Potions
 b - 4 potions of agility {unknown}
 d - 2 potions of might
 e - a potion of ambrosia {unknown}
 j - 9 potions of curing
 n - 2 potions of mutation {unknown}
 q - 2 potions of brilliance {unknown}
 r - 3 potions of heal wounds {unknown}
 t - 2 potions of haste {unknown}
 v - 4 potions of flight
 x - 3 potions of lignification {unknown}
 E - a potion of invisibility {unknown}
 N - 3 potions of resistance
 O - 2 potions of berserk rage {unknown}
 T - a potion of cancellation {unknown}
Comestibles
 f - 14 rations
 V - a chunk of flesh


   Skills:
 + Level 13.5 Fighting
 + Level 12.3 Maces & Flails
 + Level 8.5 Armour
 + Level 8.6 Shields


You had 11 spell levels left.
You didn't know any spells.
Your spell library contained the following spells:

 Spells                   Type           Power        Failure   Level  Hunger
 Animate Skeleton         Necr           N/A          99%         1    ##.....
 Apportation              Tloc           #.....       99%         1    ##.....
 Confusing Touch          Hex            #.....       99%         1    ##.....
 Flame Tongue             Conj/Fire      #....        99%         1    ##.....
 Summon Small Mammal      Summ           #...         99%         1    ##.....
 Throw Flame              Conj/Fire      #.....       99%         2    ###....
 Conjure Flame            Conj/Fire      #.......     100%        3    ####...
 Inner Flame              Hex/Fire       #.......     100%        3    ####...
 Sticky Flame             Conj/Fire      #.......     100%        4    #####..
 Fireball                 Conj/Fire      #.........   100%        5    ######.


Dungeon Overview and Level Annotations

Branches:
Dungeon (11/15)            Temple (1/1) D:5            Lair (0/6) D:10
    Orc (0/2) D:11

Altars:
Dithmenos
Elyvilon
Gozag
Hepliaklqana
Kikubaaqudgha
Okawaru
Qazlal
Sif Muna
Uskayaw
Vehumet
Xom
Zin

Shops:
D:5 [   D:9 *   D:11 (


Innate Abilities, Weirdness & Mutations

You are resistant to torment.
Your stone body is resilient. (AC +8)
You are immune to poison.
You resist negative energy. (rN+)
You are resistant to electric shocks. (rElec)
You can survive without breathing.
You are immune to petrification.
You are immune to rotting.


Message History

The iron imp hits you but does no damage.
The rust devil hits you!
* * * LOW HITPOINT WARNING * * *
The rust devil corrodes you! The rust devil barely misses you.
It was a potion of curing.
You feel better.
The ice devil hits you but does no damage.
The kobold demonologist hits you but does no damage.
The kobold demonologist barely misses you.
You block the neqoxec's attack. You block the kobold's attack.
The rust devil hits you!
* * * LOW HITPOINT WARNING * * *
The rust devil corrodes you! The iron imp hits you.
* * * LOW HITPOINT WARNING * * *
The rust devil completely misses you.
It was a potion of flight.
You feel very buoyant.
You fly up into the air.
The ice devil hits you.
* * * LOW HITPOINT WARNING * * *
The ice devil freezes you! You resist.
You die...

#.#.###.## ...#..p##
...##### ...#
...#####################
.......................?
................K55.....
.).(..........544KK5....
..<...........54@5KZ....
.)........^...53KKK....<
..^#####################
...# ...# ...# ...# ...#
...#


You could see an ice devil, 2 rust devils, 3 kobold demonologists, a neqoxec, 3
iron imps, 2 quasits, a crimson imp, an ufetubus, an ogre zombie and 4 kobolds.

Vanquished Creatures
  Erolcha (D:9)
  Harold (D:7)
  A death knight (D:10)
  2 two-headed ogres (D:10)
  A queen ant (D:11)
  Nergalle (D:10)
  An unseen horror (D:10)
  2 manticores (D:11)
  A cyclops (D:11)
  A centaur skeleton (D:10)
  A kobold demonologist (D:11)
  A hippogriff (D:9)
  A raiju (D:11)
  Sigmund (D:6)
  A wraith (D:10)
  20 yaks
  Eustachio (D:5)
  A basilisk (D:11)
  A wyvern (D:10)
  A human (D:10)
  4 hungry ghosts
  2 two-headed ogre zombies (D:11)
  5 soldier ants (D:11)
  A hornet zombie (D:10)
  2 sky beasts
  2 ice beasts
  2 black bears
  5 ogres
  8 orc warriors
  2 phantoms
  2 eyes of draining
  3 centaurs
  A big kobold (D:11)
  9 bullfrogs
  Blork the orc (D:6)
  A scorpion (D:9)
  4 killer bees (D:9)
  5 wights (D:8)
  3 crimson imps
  3 bullfrog skeletons
  6 hounds
  4 jellies
  10 orc priests
  Jessica (D:2)
  Ijyb (D:3)
  Terence (D:3)
  2 iguanas (D:8)
  6 orc wizards
  22 worker ants
  5 ogre zombies (D:11)
  A worker ant zombie (D:10)
  3 gnolls (D:5)
  16 adders
  A shadow imp (D:8)
  2 oozes
  2 adder skeletons
  A worm (D:2)
  5 leopard geckos
  28 orcs
  A ball python (D:3)
  3 bats (D:1)
  7 giant cockroaches
  9 goblins
  8 hobgoblins (D:1)
  13 jackals
  3 quokkas
  3 frilled lizards (D:1)
  3 goblin skeletons (D:11)
  2 goblin zombies (D:11)
  11 kobolds
  A leopard gecko skeleton (D:5)
  3 orc skeletons (D:11)
  17 orc zombies (D:11)
  5 rats
  A plant (D:10)
313 creatures vanquished.

Vanquished Creatures (others)
  An ogre (D:4)
  An orc wizard (D:4)
  A worker ant (D:4)
  An adder (D:4)
  2 leopard geckos (D:4)
  A plant (D:10)
7 creatures vanquished.

Grand Total: 320 creatures vanquished

Notes
Turn   | Place    | Note
-------+----------+-------------------------------------------
     0 | D:1      | Faca the Gargoyle Fighter began the quest for the Orb.
     0 | D:1      | Reached XP level 1. HP: 14/14 MP: 1/1
   152 | D:1      | Reached XP level 2. HP: 10/19 MP: 2/2
   721 | D:1      | Reached XP level 3. HP: 24/24 MP: 3/3
   727 | D:1      | Reached skill level 4 in Fighting
   903 | D:2      | Noticed Jessica
   914 | D:2      | Killed Jessica
  1202 | D:2      | Reached XP level 4. HP: 30/30 MP: 4/4
  1556 | D:2      | Found a hide-covered altar of Uskayaw.
  1569 | D:2      | Reached XP level 5. HP: 34/34 MP: 5/5
  1872 | D:3      | Found a white marble altar of Elyvilon.
  2023 | D:3      | Reached skill level 5 in Fighting
  2181 | D:3      | Noticed Terence
  2241 | D:3      | Killed Terence
  2395 | D:3      | Reached XP level 6. HP: 39/40 MP: 6/6
  2412 | D:3      | Noticed Ijyb
  2428 | D:3      | Killed Ijyb
  2673 | D:4      | Found a shimmering altar of Xom.
  2866 | D:4      | Found an iron altar of Okawaru.
  2876 | D:4      | Reached skill level 6 in Fighting
  2885 | D:4      | Became a worshipper of Warmaster Okawaru
  2915 | D:4      | Reached skill level 5 in Maces & Flails
  3323 | D:4      | Reached XP level 7. HP: 42/47 MP: 7/7
  3545 | D:4      | Found a glowing silver altar of Zin.
  3660 | D:5      | Entered Level 5 of the Dungeon
  3826 | D:5      | Found a staircase to the Ecumenical Temple.
  3835 | Temple   | Entered the Ecumenical Temple
  3874 | D:5      | Noticed Eustachio
  3919 | D:5      | Killed Eustachio
  3919 | D:5      | Reached * piety under Okawaru
  3919 | D:5      | Reached skill level 7 in Fighting
  3998 | D:5      | Found a hazy altar of Hepliaklqana.
  4052 | D:5      | Found Awump's Antique Armour Boutique.
  4061 | D:5      | Bought a brightly glowing chain mail for 237 gold pieces
  4071 | D:5      | Identified the +4 chain mail "Zequj" {rC++} (You bought it
                  | in a shop on level 5 of the Dungeon)
  4218 | D:5      | Reached XP level 8. HP: 53/53 MP: 8/8
  4542 | D:6      | Noticed Sigmund
  4546 | D:6      | Reached skill level 8 in Fighting
  4561 | D:6      | Killed Sigmund
  4561 | D:6      | Reached ** piety under Okawaru
  4767 | D:6      | Reached skill level 9 in Fighting
  4896 | D:6      | Reached XP level 9. HP: 53/60 MP: 9/9
  5384 | D:6      | Noticed Blork the orc
  5394 | D:6      | Killed Blork the orc
  5487 | D:7      | Found an iron altar of Okawaru.
  5498 | D:7      | Noticed Harold
  5639 | D:7      | Killed Harold
  5639 | D:7      | Reached *** piety under Okawaru
  5639 | D:7      | Reached skill level 10 in Fighting
  6816 | D:7      | Found a radiant altar of Vehumet.
  6978 | D:8      | Reached skill level 11 in Fighting
  6978 | D:8      | Reached XP level 10. HP: 69/69 MP: 10/10
  7017 | D:8      | Reached skill level 10 in Maces & Flails
  7043 | D:8      | Found a shimmering blue altar of Sif Muna.
  7148 | D:8      | Reached **** piety under Okawaru
  7395 | D:8      | Found an opulent altar of Gozag.
  7473 | D:9      | Found an ancient bone altar of Kikubaaqudgha.
  7685 | D:9      | Reached ***** piety under Okawaru
  7858 | D:9      | Found a stormy altar of Qazlal.
  7860 | D:9      | Found a shadowy altar of Dithmenos.
  7905 | D:9      | Noticed Erolcha
  7923 | D:9      | Killed Erolcha
  7923 | D:9      | Reached skill level 12 in Fighting
  7923 | D:9      | Reached skill level 5 in Armour
  7923 | D:9      | Reached skill level 5 in Shields
  8073 | D:9      | Found Ganory's Assorted Antiques.
  8086 | D:9      | Reached XP level 11. HP: 67/76 MP: 11/11
  8105 | D:9      | Bought a golden potion for 20 gold pieces
  8105 | D:9      | Bought a scroll labeled KUSHIO ERYCH for 23 gold pieces
  8105 | D:9      | Bought a scroll labeled BOXIPOSH QYICA for 23 gold pieces
  8105 | D:9      | Bought a scroll labeled GYID GOPNI for 23 gold pieces
  8105 | D:9      | Bought an opal ring for 115 gold pieces
  8310 | D:10     | Entered Level 10 of the Dungeon
  8331 | D:10     | Received a gift from Okawaru
  8636 | D:10     | Got a jet-encrusted chain mail {god gift}
  8647 | D:10     | Identified the +2 chain mail "Vochyun" {MP+9 Str+2}
                  | (Okawaru gifted it to you on level 10 of the Dungeon)
  8800 | D:10     | Noticed a two-headed ogre
  8810 | D:10     | Killed a two-headed ogre
  8927 | D:10     | Found a staircase to the Lair.
  9411 | D:10     | Noticed a two-headed ogre
  9425 | D:10     | Killed a two-headed ogre
  9548 | D:10     | Killed an unseen horror
  9607 | D:10     | Noticed Nergalle
  9621 | D:10     | Killed Nergalle
  9817 | D:11     | Noticed Sonja
  9818 | D:11     | Noticed a death knight
  9880 | D:11     | Found Qesh's Weapon Shop.
  9880 | D:11     | Noticed a manticore
  9883 | D:11     | Received a gift from Okawaru
 10267 | D:11     | Killed a manticore
 10267 | D:11     | Reached skill level 13 in Fighting
 10290 | D:11     | Noticed Sonja
 10290 | D:11     | Sonja changed into Sonja the raiju
 10294 | D:11     | Killed Sonja the raiju
 10375 | D:11     | Reached XP level 12. HP: 81/84 MP: 12/12
 10436 | D:11     | Noticed a queen ant
 10469 | D:11     | Killed a queen ant
 10519 | D:10     | Killed a death knight
 11057 | D:10     | Paralysed by fainting for 8 turns
 11495 | D:11     | Received a gift from Okawaru
 11560 | D:11     | Found a staircase to the Orcish Mines.
 11631 | D:11     | Got a shimmering buckler {god gift}
 11642 | D:11     | Identified the +1 buckler "Luwompot" {+Inv rPois} (Okawaru
                  | gifted it to you on level 11 of the Dungeon)
 11839 | D:11     | Reached ****** piety under Okawaru
 11849 | D:11     | Slain by an ice devil

Levels and vault maps discovered:
D:1:      nagdon_arrival_double_spiral, layout_loops_cross, corner_web_ring,
          kennysheep_nondescript
D:2:      layout_basic, overflow_temple_1_default, minmay_tetromino_t2,
          uniq_jessica
D:3:      kennysheep_goblin_castle, layout_rooms, elyvilon_altar_3,
          first_ration, uniq_terence
D:4:      layout_rooms, xom_confusion_cloud, zin_scriptorium,
          kennysheep_mini_moat, minivault_24, minmay_manual_mess
D:5:      layout_gridville, kennysheep_little_box,
          minmay_temple_entry_antechambers, serial_shops, shop, uniq_eustachio
D:6:      layout_basic, minmay_fractal_squares_5, uniq_sigmund,
          uniq_blork_the_orc
D:7:      layout_loops_ring, nicolae_overflow_hidden_temple,
          serial_co_window_serial, co_window_of_opportunity_a,
          co_window_corner_a, co_window_paths_a, co_window_paths_b,
          co_window_corner_a, co_window_cross_4, co_window_cross_2,
          co_window_paths_c, co_window_4corner_a, glass_columns_a,
          okawaru_gym_becter, uniq_harold
D:8:      layout_cave_pools, lemuel_blue_sif_altar, basic_altar
D:9:      layout_rooms, chequers_temple_overflow_statue_of_worship,
          kiku_gazebo_garden_becter, serial_shops, shop, uniq_erolcha
D:10:     minmay_angry_zag, layout_cave_pools, dpeg_oklobed_lair,
          grunt_pizzeria, uniq_nergalle
D:11:     layout_cross, zombieorc2_lemuel, serial_shops, nicolae_shop_stone,
          minmay_another_anthill, uniq_sonja
Temple:   minmay_temple_curvy_loop

Skill      XL: |  1  2  3  4  5  6  7  8  9 10 11 12 |
---------------+-------------------------------------+-----
Fighting       | 4 5 6 7 9 11 12 13 | 13.5
Maces & Flails | 3 4 5 6 8 9 11 12 | 12.3
Armour         | 5 7 8 |  8.5
Shields        | 5 7 8 |  8.6

Action                   |  1- 3 |  4- 6 |  7- 9 | 10-12 || total
-------------------------+-------+-------+-------+-------++-------
Melee: Flail             |    95 |   112 |       |       ||   207
       Mace              |       |   120 |   300 |   958 ||  1378
       Unarmed           |       |     5 |       |       ||     5
Invok: Heroism           |       |       |       |     5 ||     5
Evoke: Wand              |       |       |       |     6 ||     6
  Use: Scroll            |       |       |       |     3 ||     3
       Potion            |       |       |       |     2 ||     2
  Eat: Chunk             |     1 |     7 |    11 |    16 ||    35
       Ration            |       |       |     1 |     4 ||     5
Armor: Scale mail        |    53 |   103 |       |       ||   156
       Chain mail        |       |    25 |   186 |   479 ||   690
Dodge: Dodged            |    30 |    59 |    56 |   184 ||   329
Block: Shield            |    51 |   139 |   126 |   434 ||   750
